 Dungeon Crawl Stone Soup version 0.24-a0-380-g7ade4d1b3c (webtiles) character file.

Game seed: 3000581314293298501

438 Peloso the Shield-Bearer (level 6, -2/53 HPs)
             Began as a Minotaur Fighter on June 3, 2019.
             Slain by an ogre
             ... wielding a +0 giant club
              (12 damage)
             ... on level 4 of the Dungeon.
             The game lasted 00:06:57 (3406 turns).

Peloso the Shield-Bearer (Minotaur Fighter)         Turns: 3406, Time: 00:06:57

Health: -2/53      AC:  9    Str: 21    XL:     6   Next: 69%
Magic:  14/14      EV:  6    Int:  5    God:
Gold:   17         SH: 10    Dex: 11    Spells: 5/5 levels left

rFire    . . .     SeeInvis .   a - +1 long sword
rCold    . . .     Gourm    .   c - +0 shield
rNeg     . . .     Faith    .   p - +0 chain mail
rPois    .         Spirit   .   (helmet restricted)
rElec    .         Reflect  .   (no cloak)
rCorr    .         Harm     .   (no gloves)
MR       .....                  (no boots)
Stlth    ..........             (no amulet)
HPRegen  0.17/turn              q - ring of magical power
MPRegen  0.14/turn              r - ring of flight

@: no status effects
A: retaliatory headbutt, horns 2
a: Evoke Flight


You were on level 4 of the Dungeon.
You were not hungry.

You visited 1 branch of the dungeon, and saw 5 of its levels.

You collected 164 gold pieces.
You spent 147 gold pieces at shops.

Inventory:

Hand Weapons
 a - a +1 long sword (weapon)
Armour
 b - a +0 scale mail
 c - a +0 shield (worn)
 p - a +0 chain mail (worn)
Jewellery
 q - a ring of magical power (left hand)
 r - a ring of flight (right hand)
Scrolls
 g - a scroll of fear {unknown}
 h - a scroll of identify {unknown}
 i - 3 scrolls of enchant weapon
 j - 2 scrolls of amnesia {unknown}
 t - a scroll of enchant armour {unknown}
Potions
 d - a potion of might
 e - 3 potions of curing {unknown}
 k - 2 potions of haste {unknown}
 m - a potion of mutation {unknown}
 n - a potion of ambrosia {unknown}
 o - a potion of cancellation {unknown}
 s - a potion of heal wounds {unknown}
 u - 2 potions of brilliance {unknown}
Comestibles
 f - 7 rations
 l - 3 chunks of flesh


   Skills:
 + Level 4.6 Fighting
 + Level 5.7 Long Blades
 + Level 4.8 Armour
 + Level 1.0 Dodging
 + Level 0.7 Stealth
 + Level 5.7 Shields


You had 5 spell levels left.
You didn't know any spells.
Your spell library was empty.

Dungeon Overview and Level Annotations

Branches:
Dungeon (5/15)
 Temple: D:4-7

Altars:
The Shining One

Shops:
D:4 *


Innate Abilities, Weirdness & Mutations

You reflexively headbutt those who attack you in melee.
You have a pair of horns on your head.


Message History

You completely miss the hound. Your headbutt misses the hound.
The hound is almost dead.
You barely miss the hound. Your headbutt misses the hound.
The hound is almost dead.
The hound bites you. You block the hound's attack.
You miss the hound. Your headbutt misses the hound.
The hound is almost dead.
You block the hound's attack.
You slash the hound!
You kill the hound!
You barely miss the ogre.
The ogre hits you with a +0 giant club!!
You hit the ogre but do no damage. You headbutt the ogre!
The ogre is moderately wounded.
The ogre hits you with a +0 giant club!!
* * * LOW HITPOINT WARNING * * *
You hit the ogre.
The ogre is heavily wounded.
The ogre hits you with a +0 giant club!
You die...

#### ####.##
##.......## #...[ # #.#
##.....## ##### # #.#
##...## # # #####.####
##'## # # #........#
#รท####### # #
#.###.##.#
#.#.....##### # #.#
#.##.# ##............ #
#.#
#.##.#####....#.#.#####
# #.#
#.....@O......#.#.# #
#.# ####.####.....#.#.#
# #.# #.# #.#.#.....# #
#.######.# #.#.###.#.#
#........# #.........#
########## ###########


You could see an ogre.

Vanquished Creatures
  A crimson imp (D:2)
  3 orc priests
  2 hounds (D:4)
  2 orc wizards
  A worker ant (D:4)
  A howler monkey skeleton (D:4)
  3 gnolls
  5 adders
  A shadow imp (D:4)
  An ooze (D:2)
  A worm (D:4)
  3 leopard geckos
  13 orcs
  3 bats
  A giant cockroach (D:2)
  8 goblins
  7 hobgoblins
  3 jackals (D:4)
  2 quokkas
  3 frilled lizards
  2 jackal skeletons (D:4)
  9 kobolds
  A quokka skeleton (D:4)
  3 rats (D:3)
79 creatures vanquished.

Notes
Turn   | Place    | Note
-------+----------+-------------------------------------------
     0 | D:1      | Peloso the Minotaur Fighter began the quest for the Orb.
     0 | D:1      | Reached XP level 1. HP: 19/19 MP: 0/0
   376 | D:1      | Reached XP level 2. HP: 21/27 MP: 1/1
   645 | D:2      | Reached XP level 3. HP: 33/33 MP: 2/2
   795 | D:2      | Reached XP level 4. HP: 37/40 MP: 3/3
  1418 | D:3      | Reached XP level 5. HP: 32/47 MP: 4/4
  1635 | D:3      | Reached skill level 5 in Shields
  2451 | D:4      | Reached skill level 5 in Long Blades
  2451 | D:4      | Reached XP level 6. HP: 39/53 MP: 5/5
  2456 | D:4      | Reached skill level 1 in Dodging
  2827 | D:4      | Found a glowing golden altar of the Shining One.
  3022 | D:4      | Found Poeczot's General Store.
  3028 | D:4      | Bought a scroll of enchant weapon for 105 gold pieces
  3028 | D:4      | Bought a scroll of remove curse for 42 gold pieces
  3390 | D:5      | Entered Level 5 of the Dungeon
  3406 | D:4      | Slain by an ogre

Levels and vault maps discovered:
D:1:      lightli_arrival_flooded_house, layout_basic
D:2:      minmay_alternating_diamond, layout_basic
D:3:      layout_rooms, first_ration
D:4:      layout_loops_corners, serial_shops, shop, tso_metal_star
D:5:      layout_cave_pools, fedhas_bush_and_centaur_altar, uniq_grinder,
          uniq_edmund

Skill      XL: |  1  2  3  4  5  6 |
---------------+-------------------+-----
Shields        | 4 5 |  5.7
Long Blades    | 3 4 5 |  5.7
Fighting       | 4 |  4.6
Armour         | 4 |  4.8
Dodging        | 1 |  1.0
Stealth        | |  0.7

Action                   |  1- 3 |  4- 6 || total
-------------------------+-------+-------++-------
Melee: Long sword        |    74 |   159 ||   233
       Headbutt          |     7 |    29 ||    36
  Use: Scroll            |       |     7 ||     7
 Stab: Distracted        |       |     1 ||     1
  Eat: Chunk             |       |     8 ||     8
Armor: Scale mail        |    12 |       ||    12
       Chain mail        |    26 |    81 ||   107
Dodge: Dodged            |    23 |    29 ||    52
Block: Shield            |    35 |    80 ||   115
       Rpst.: Long sword |     6 |     8 ||    14

Table legend:
 A = Non-vault XP
 B = Vault XP
 C = Vault XP percentage of total XP
 D = Non-vault monster count
 E = Vault monster count
 F = Vault count percentage of total count
                 A         B        C        D         E       F
            +---------+---------+-------+---------+---------+-------
      Total |     612 |      15 |   2.4 |      77 |       2 |   2.5
            +---------+---------+-------+---------+---------+-------
        D:1 |      20 |       0 |   0.0 |      11 |       0 |   0.0
        D:2 |     122 |      15 |  10.9 |      17 |       2 |  10.5
        D:3 |     188 |       0 |   0.0 |      32 |       0 |   0.0
        D:4 |     282 |       0 |   0.0 |      17 |       0 |   0.0
            +---------+---------+-------+---------+---------+-------
